 Dungeon Sprint DCSS version 0.28-a0-409-g6a72785379 (console) character file.

Game seed: 9153720441156074225

1290 Morrissey the Destroyer (level 8, 0/79 HPs)
             Began as a Green Draconian Conjurer on Sept 6, 2021.
             Was a High Priest of Vehumet.
             Killed from afar by a molten gargoyle (20 damage)
             ... with a bolt of magma
             ... in the Dungeon (Sprint VII: "The Pits").
             The game lasted 00:04:50 (969 turns).

Morrissey the Destroyer (Green Draconian Conjurer)   Turns: 969, Time: 00:04:51

Health: 0/79       AC:  6    Str:  9    XL:     8   Next: 30%
Magic:  6/20       EV: 13    Int: 21    God:    Vehumet [*****.]
Gold:   0          SH:  0    Dex: 10    Spells: 13/24 levels left

rFire   . . .      SeeInvis .   l - +1 long sword (flame)
rCold   . . .      Faith    .   (no shield)
rNeg    . . .      Spirit   .   (armour unavailable)
rPois   +          Reflect  .   (helmet restricted)
rElec   .          Harm     .   (no cloak)
rCorr   .          Rampage  .   (no gloves)
Will    .....      NoTele   +   (no boots)
Stlth   ++........              (no amulet)
HPRegen 0.23/turn               (no ring)
MPRegen 0.17/turn               (no ring)

@: no status effects
A: breathe noxious fumes, AC +6, unfitting armour, poison resistance,
cold-blooded
a: Breathe Noxious Fumes, Renounce Religion


You were in the Dungeon.
You worshipped Vehumet.
Vehumet was extremely pleased with you.
You visited 1 branch

Inventory:

Hand Weapons
 a - a +1 quarterstaff of speed
 g - a +2 quarterstaff
 l - a +1 long sword of flaming (weapon)
Scrolls
 f - a scroll of blinking
 i - 5 scrolls of amnesia
 j - a scroll of summoning
Potions
 b - 4 potions of heal wounds
 c - a potion of haste
 d - 3 potions of magic
 e - 3 potions of berserk rage
 h - 2 potions of invisibility
 k - 6 potions of curing


   Skills:
 + Level 10.0 Fighting
 + Level 5.7 Dodging
 - Level 1.7 Stealth
 + Level 8.8 Spellcasting
 + Level 12.1 Conjurations


You had 13 spell levels left.
You knew the following spells:

 Your Spells              Type           Power      Damage    Failure   Level
a - Magic Dart            Conj           100%       1d8       1%          1
b - Searing Ray           Conj           100%       3d7       1%          2
c - Fulminant Prism       Conj/Hex       17%        3d11      1%          4
d - Iskenderun's Mystic   Conj/Tloc      34%        2d8       1%          4

Your spell library contained the following spells:

 Spells                   Type           Power      Damage    Failure   Level
 Hailstorm                Conj/Ice       34%        3d9       1%          4
 Dazzling Flash           Conj/Hex       68%        N/A       1%          3


Dungeon Overview and Level Annotations

Branches:
Dungeon (1/1)

Altars:
Ashenzari
Cheibriados
Dithmenos
Elyvilon
Fedhas
Gozag
Hepliaklqana
Kikubaaqudgha
Makhleb
Nemelex Xobeh
Okawaru
Qazlal
Ru
Sif Muna
Trog
Uskayaw
Vehumet
Wu Jian
Xom
Yredelemnul
Zin
The Shining One
Beogh
Jiyva
Lugonu


Innate Abilities, Weirdness & Mutations

You can breathe blasts of noxious fumes.
Your lurid green scales are hard. (AC +6)
You cannot fit into any form of body armour.
Your system is resistant to poisons. (rPois)
You are cold-blooded and may be slowed by cold attacks.


Message History

The molten gargoyle is severely damaged.
The molten gargoyle is knocked back by the mystic blast.
The molten gargoyle slams into the metal wall!
Casting: Iskenderun's Mystic Blast (dangerous; 2% risk of failure)
Confirm with . or Enter, or press ? or * to list all spells.
You erupt in a blast of force!
The mystic blast hits the sea snake!
The sea snake is almost dead.
The sea snake is knocked back by the mystic blast.
The sea snake slams into the closed door!
The mystic blast hits the molten gargoyle but does no damage.
The molten gargoyle is severely damaged.
The molten gargoyle hits you with a +0 mace.
You are engulfed in flames!
Casting: Iskenderun's Mystic Blast (dangerous; 2% risk of failure)
Confirm with . or Enter, or press ? or * to list all spells.
You erupt in a blast of force!
The mystic blast hits the sea snake.
You kill the sea snake!
Vehumet accepts your kill.
You feel your power returning.
The mystic blast hits the molten gargoyle but does no damage.
The molten gargoyle is severely damaged.
The molten gargoyle hits you with a +0 mace!!
* * * LOW HITPOINT WARNING * * *
You are engulfed in flames!
* * * LOW HITPOINT WARNING * * *
Your Fighting skill increases to level 10!
Your Dodging skill increases to level 5!
Your Spellcasting skill increases to level 8!
Your Conjurations skill increases to level 12!
You have reached level 8!
You feel clever.
Casting: Iskenderun's Mystic Blast (dangerous; 1% risk of failure)
Confirm with . or Enter, or press ? or * to list all spells.
You erupt in a blast of force!
The mystic blast hits the molten gargoyle but does no damage.
The molten gargoyle is severely damaged.
* * * LOW MAGIC WARNING * * *
The molten gargoyle blasts magma at you!
The bolt of magma hits you!!
You die...

#.##'#..#'###...<...#
#.#........##.......#
#†#....)...##.......#
#'###########.......#
#..)....#.. #########
#..#.#..#.######
#.##.##.#.#..†.#
#.)))...#)#....#
#.##.##.#.'@..†+
#..#.#..#'#.9..#
#......[).#....#
################


You could see a molten gargoyle.

Vanquished Creatures
  A sea snake (D)
  Sigmund (D)
  A steam dragon (D)
  An ice beast (D)
  An ogre (D)
  A bullfrog (D)
  A scorpion (D)
  2 gnoll shamans (D)
  An iguana (D)
  An orc wizard (D)
  An adder (D)
  3 gnolls (D)
  An ufetubus (D)
  An adder zombie (D)
  An adder skeleton (D)
  An orc (D)
  2 endoplasms (D)
  A giant cockroach (D)
  A hobgoblin (D)
  A ball python zombie (D)
  A kobold (D)
  2 rats (D)
27 creatures vanquished.

Notes
Turn   | Place    | Note
-------+----------+-------------------------------------------
     0 | D        | Morrissey the Draconian Conjurer began the quest for the
                  | Orb.
     0 | D        | Reached XP level 1. HP: 14/14 MP: 3/3
    17 | D        | Reached skill level 1 in Fighting
   286 | D        | Found a glowing golden altar of the Shining One.
   286 | D        | Found a glowing silver altar of Zin.
   286 | D        | Found a basalt altar of Yredelemnul.
   286 | D        | Found a shimmering altar of Xom.
   286 | D        | Found an ornate altar of the Wu Jian Council.
   286 | D        | Found a bloodstained altar of Trog.
   286 | D        | Found a shimmering blue altar of Sif Muna.
   286 | D        | Found a sacrificial altar of Ru.
   286 | D        | Found a stormy altar of Qazlal.
   286 | D        | Found an iron altar of Okawaru.
   286 | D        | Found a sparkling altar of Nemelex Xobeh.
   286 | D        | Found a burning altar of Makhleb.
   286 | D        | Found a viscous altar of Jiyva.
   286 | D        | Found a hazy altar of Hepliaklqana.
   286 | D        | Found an opulent altar of Gozag.
   286 | D        | Found a blossoming altar of Fedhas.
   286 | D        | Found a white marble altar of Elyvilon.
   286 | D        | Found a shadowy altar of Dithmenos.
   286 | D        | Found a snail-covered altar of Cheibriados.
   288 | D        | Found a radiant altar of Vehumet.
   288 | D        | Found a corrupted altar of Lugonu.
   289 | D        | Found a hide-covered altar of Uskayaw.
   289 | D        | Found an ancient bone altar of Kikubaaqudgha.
   289 | D        | Found a broken altar of Ashenzari.
   312 | D        | Became a worshipper of Vehumet
   345 | D        | Reached * piety under Vehumet
   345 | D        | Offered knowledge of Shock by Vehumet.
   346 | D        | Reached XP level 2. HP: 23/24 MP: 3/5
   350 | D        | Reached skill level 5 in Conjurations
   373 | D        | Reached ** piety under Vehumet
   418 | D        | Learned a level 2 spell: Searing Ray
   502 | D        | Noticed a bullfrog
   514 | D        | Killed a bullfrog
   514 | D        | Offered knowledge of Sandblast by Vehumet.
   514 | D        | Reached *** piety under Vehumet
   515 | D        | Reached skill level 7 in Conjurations
   515 | D        | Reached XP level 3. HP: 23/34 MP: 3/8
   515 | D        | Reached XP level 4. HP: 27/41 MP: 3/10
   575 | D        | Learned a level 4 spell: Fulminant Prism
   580 | D        | Learned a level 4 spell: Iskenderun's Mystic Blast
   620 | D        | Noticed an ogre
   620 | D        | Noticed Sigmund
   625 | D        | Killed an ogre
   625 | D        | Reached **** piety under Vehumet
   626 | D        | Reached skill level 5 in Fighting
   626 | D        | Reached skill level 5 in Spellcasting
   626 | D        | Reached skill level 8 in Conjurations
   626 | D        | Reached XP level 5. HP: 50/50 MP: 6/12
   628 | D        | Reached skill level 9 in Conjurations
   628 | D        | Killed Sigmund
   629 | D        | Reached skill level 10 in Conjurations
   629 | D        | Reached XP level 6. HP: 58/60 MP: 6/15
   721 | D        | Offered knowledge of Stone Arrow by Vehumet.
   754 | D        | Noticed a steam dragon
   764 | D        | Killed a steam dragon
   764 | D        | Reached ***** piety under Vehumet
   765 | D        | Reached skill level 11 in Conjurations
   765 | D        | Your scales start taking on a lurid green colour.
   765 | D        | Reached XP level 7. HP: 37/68 MP: 10/17
   765 | D        | Gained mutation: Your system is resistant to poisons.
                  | (rPois) [Green Draconian growth]
   917 | D        | Offered knowledge of Hailstorm by Vehumet.
   955 | D        | Noticed a sea snake
   955 | D        | Noticed a molten gargoyle
   968 | D        | Killed a sea snake
   969 | D        | Reached skill level 10 in Fighting
   969 | D        | Reached skill level 5 in Dodging
   969 | D        | Reached skill level 12 in Conjurations
   969 | D        | Reached XP level 8. HP: 20/79 MP: 10/20
   969 | D        | Killed from afar by a molten gargoyle

Illustrated notes

Levels and vault maps discovered:
D:        pitsprint [storerooms_1, entrance_room_1, metal_vault_3, armoury_1,
          mini_pit_1, grid_room_1, main_hall_1, silver_pit, the_coven_1,
          the_vestibule_1, steel_vault_5, golden_pit, hallway_of_sentries,
          crystal_vault_3, iron_vault_2, final_vault]

Skill      XL: |  1  2  3  4  5  6  7 |
---------------+----------------------+-----
Fighting       | 1 4 5 7 8 10 | 10.0
Conjurations   | 7 8 10 11 12 | 12.1
Spellcasting   | 4 5 6 7 8 |  8.8
Dodging        | 3 5 |  5.7
Stealth        | |  1.7

Action                   |  1- 3 |  4- 6 |  7- 9 || total
-------------------------+-------+-------+-------++-------
Melee: Unarmed           |     5 |       |       ||     5
       Quarterstaff      |    18 |       |       ||    18
       Long sword        |     6 |     1 |     2 ||     9
       Tailslap          |     3 |       |       ||     3
 Cast: Magic Dart        |    14 |     8 |     5 ||    27
       Searing Ray       |       |     4 |     1 ||     5
       Iskenderun's Myst |       |       |     9 ||     9
 Abil: Breathe Noxious F |       |       |     1 ||     1
  Use: Potion            |       |       |     3 ||     3
 Stab: Sleeping          |       |     1 |       ||     1
Armor: Skin              |    16 |     3 |     1 ||    20
Dodge: Dodged            |    31 |    13 |     5 ||    49

Table legend: (Time is in decaauts)
 A = Elapsed time spent in this place.
 B = Non-inter-level travel time spent in this place.
 C = Inter-level travel time spent in this place.
 D = Time resting spent in this place.
 E = Time spent auto-exploring this place.
 F = Levels seen in this place.
 G = Mean time per level.
                   A        B        C        D        E       F      G
               +--------+--------+--------+--------+--------+-----+--------+
         Total |    976 |    976 |      0 |    622 |      0 |   1 |  976.0 |
       Dungeon |    976 |    976 |      0 |    622 |      0 |   1 |  976.0 |
               +--------+--------+--------+--------+--------+-----+--------+

Top non-repeatable levels by time:
       D: 976 daAuts
